 Dungeon Crawl Stone Soup version 0.30.1-9-gdf580d7c3d (webtiles) character file.

Game seed: 11745483173025221913

13160 Ijustatesigmund the Geomancer (level 12, -4/68 HPs)
             Began as a Gargoyle Earth Elementalist on Oct 19, 2023.
             Was a Priest of the Shining One.
             Slain by a skeletal warrior
             ... wielding a +1 scimitar of flaming
              (7 damage)
             ... on level 11 of the Dungeon.
             The game lasted 00:25:56 (14045 turns).

Ijustatesigmund the Geomancer (GrEE)               Turns: 14045, Time: 00:25:57

Health: -4/68      AC: 20    Str: 12    XL:     12   Next: 3%
Magic:  13/23      EV: 14    Int: 21    God:    the Shining One [***...]
Gold:   440        SH: 22    Dex: 10    Spells: 21/26 levels left

rFire   . . .        c - +5 flail (venom)
rCold   . . .        w - +0 kite shield
rNeg    + + .        a - +3 leather armour {Will+}
rPois   ∞            N - +0 helmet
rElec   +            u - +0 cloak
rCorr   .            (no gloves)
SInv    .            t - +1 pair of boots
Will    +....        C - amulet of reflection
Stlth   +            q - ring of wizardry
HPRegen 0.31/turn    K - +5 ring of evasion
MPRegen 0.18/turn

%: reflection, wizardry (x1)
@: mighty, divinely shielded, glowing
A: sickness immunity, AC +8, negative energy resistance 1, electricity
resistance, torment resistance 1, petrification resistance
a: Renounce Religion, Divine Shield, Cleansing Flame


You were on level 11 of the Dungeon.
You worshipped the Shining One.
The Shining One was most pleased with you.
You visited 2 branches of the dungeon, and saw 12 of its levels.

You collected 716 gold pieces.
You spent 276 gold pieces at shops.

Inventory:

Hand Weapons
 c - a +5 flail of venom (weapon)
 H - the +1 whip of Ewamitor {freeze, *Noise rPois rCorr Dex+4}
   (You found it on level 7 of the Dungeon)

   Dex:       It affects your dexterity (+4).
   rPois:     It protects you from poison.
   *Noise:    It may make noises in combat.
   rCorr:     It protects you from acid and corrosion.
Missiles
 J - 2 throwing nets
Armour
 a - a +3 leather armour of willpower (worn)
 t - a +1 pair of boots (worn)
 u - a +0 cloak (worn)
 w - a +0 kite shield (worn)
 N - a +0 helmet (worn)
Jewellery
 k - an amulet of the acrobat
 q - a ring of wizardry (left hand)
 C - an amulet of reflection (around neck)
 E - a ring of protection from cold
 F - a ring of ice
 K - a +5 ring of evasion (right hand)
 L - a +6 ring of strength
Wands
 n - a wand of flame (22)
 y - a wand of roots (7)
 I - a wand of mindburst (15)
 P - a wand of paralysis (19)
Scrolls
 d - 4 scrolls of fear
 e - 6 scrolls of teleportation
 h - 2 scrolls of summoning
 i - a scroll of blinking
 j - a scroll of enchant weapon
 p - 4 scrolls of fog
 x - a scroll of enchant armour
 B - 3 scrolls of identify
Potions
 b - 3 potions of magic
 f - 2 potions of ambrosia {unknown}
 m - 2 potions of heal wounds
 o - 3 potions of flight
 s - 6 potions of curing
 v - 4 potions of brilliance
 z - 2 potions of cancellation
 A - 2 potions of resistance
 D - a potion of lignification
 G - a potion of attraction


   Skills:
 - Level 5.6 Fighting
 - Level 5.0 Maces & Flails
 - Level 4.4 Armour
 - Level 1.5 Dodging
 - Level 2.1 Stealth
 + Level 3.8 Shields
 + Level 7.9 Spellcasting
 + Level 8.9 Conjurations
 - Level 2.7 Transmutations
 + Level 10.6 Earth Magic
 + Level 8.5 Invocations


You had 21 spell levels left.
You knew the following spells:

 Your Spells              Type           Power      Damage    Failure   Level
b - Stone Arrow           Conj/Erth      98%        3d13      1%          3
c - Passwall              Tmut/Erth      30%        N/A       1%          2

Your spell library contained the following spells:

 Spells                   Type           Power      Damage    Failure   Level
 Sandblast                Erth           100%       2d20      1%          1
 Petrify                  Tmut/Erth      36%        N/A       10%         4
 Slow                     Hex            32%        N/A       16%         1
 Call Imp                 Summ           16%        N/A       22%         2
 Lesser Beckoning         Tloc           16%        N/A       22%         2
 Ignite Poison            Fire/Tmut/Pois 12%        N/A       30%         3
 Confusing Touch          Hex            8%         N/A       41%         3
 Gell's Gravitas          Tloc           8%         N/A       41%         3
 Ozocubu's Armour         Ice            8%         N/A       41%         3
 Teleport Other           Tloc           8%         N/A       41%         3
 Vampiric Draining        Necr           8%         2d6       41%         3
 Freezing Cloud           Conj/Ice/Air   10%        6-21      73%         5
 Metabolic Englaciation   Hex/Ice        4%         N/A       98%         5
 Simulacrum               Ice/Necr       4%         N/A       100%        6
 Summon Hydra             Summ           4%         N/A       100%        7
 Cigotuvi's Dreadful Rot  Necr/Pois/Air  Unusable   N/A       N/A         2
 Statue Form              Tmut/Erth      Unusable   N/A       N/A         6

Dungeon Overview and Level Annotations

Branches:
Dungeon (11/15)            Temple (1/1) D:4            Lair (0/5) D:9
    Orc (0/2) D:9

Altars:
Ashenzari
Cheibriados
Dithmenos
Elyvilon
Fedhas
Gozag
Hepliaklqana
Kikubaaqudgha
Makhleb
Nemelex Xobeh
Okawaru
Qazlal
Ru
Sif Muna
Trog
Uskayaw
Vehumet
Wu Jian
Xom
Yredelemnul
Zin
The Shining One

Shops:
D:4 (!


Innate Abilities, Weirdness & Mutations

You are immune to sickness and miasma.
Your stone body is resilient. (AC +8)
You are immune to poison.
You resist negative energy. (rN+)
You are resistant to electric shocks. (rElec)
You are resistant to unholy torment.
You are immune to petrification.


Message History

The skeletal warrior is heavily damaged.
You hit the skeletal warrior.
The skeletal warrior is severely damaged.
The skeletal warrior hits you with a +1 scimitar of flaming!!
The skeletal warrior burns you.
The skeletal warrior hits you with a +1 scimitar of flaming!
The skeletal warrior burns you.
You hit the skeletal warrior but do no damage.
The skeletal warrior is severely damaged.
You block the skeletal warrior's attack.
The skeletal warrior barely misses you.
You hit the skeletal warrior but do no damage.
The skeletal warrior is severely damaged.
The skeletal warrior closely misses you.
You block the skeletal warrior's attack.
You hit the skeletal warrior but do no damage.
The skeletal warrior is severely damaged.
You block the skeletal warrior's attack.
The skeletal warrior hits you from afar with a +0 glaive!
The skeletal warrior hits you with a +1 scimitar of flaming.
* * * LOW HITPOINT WARNING * * *
The skeletal warrior burns you.
* * * LOW HITPOINT WARNING * * *
The skeletal warrior hits you from afar with a +0 glaive.
* * * LOW HITPOINT WARNING * * *
You feel much better.
You block the skeletal warrior's attack.
The skeletal warrior closely misses you.
You feel very mighty all of a sudden.
The skeletal warrior hits you but does no damage.
The skeletal warrior hits you from afar with a +0 glaive.
Your shield is strengthened by the Shining One's divine power.
You block the skeletal warrior's attack.
The skeletal warrior hits you from afar with a +0 glaive!!
You sock the skeletal warrior!
The skeletal warrior is severely damaged.
The skeletal warrior hits you with a +1 scimitar of flaming!!
* * * LOW HITPOINT WARNING * * *
The skeletal warrior burns you!
You die...

#...?...#
######.## #.#
#.# ###.# #...#
# ###'### ...
####...).#
.....##zz@.....#
!....'..##.....#
.....#####.....#
#### ##+####


You could see 2 skeletal warriors.

Vanquished Creatures
  A centaur warrior (D:9)
  3 two-headed ogres
  A skeletal warrior (D:9)
  A cyclops (D:11)
  An unseen horror (D:11)
  A troll (D:11)
  Prince Ribbit (D:5)
  A hornet (D:9)
  A slime creature (D:9)
  A shadow (D:11)
  A vampire (D:11)
  20 yaks
  4 vampire mosquitoes (D:10)
  Edmund (D:5)
  2 wargs (D:8)
  A black bear (D:5)
  11 orc warriors
  3 sky beasts
  2 ogres
  4 centaurs
  A phantom (D:4)
  4 kobold brigands
  8 bullfrogs
  A gnoll sergeant (D:9)
  4 scorpions
  9 wights
  3 howler monkeys
  5 hounds
  2 jellies
  7 orc priests
  2 gnoll boudas
  5 iguanas
  13 orc wizards
  A sleepcap (D:5)
  Robin (D:4)
  9 gnolls
  7 adders
  2 shadow imps
  A white imp (D:8)
  A worm (D:2)
  5 dart slugs
  42 orcs
  6 bats
  9 endoplasms
  A giant cockroach (D:1)
  11 goblins
  11 hobgoblins
  2 jackals (D:1)
  26 kobolds
  A quokka (D:4)
  6 ball pythons
  6 frilled lizards
  6 rats
279 creatures vanquished.

Notes
Turn   | Place    | Note
-------+----------+-------------------------------------------
     0 | D:1      | Ijustatesigmund the Gargoyle Earth Elementalist began the
                  | quest for the Orb.
     0 | D:1      | Reached XP level 1. HP: 10/10 MP: 3/3
   252 | D:1      | Reached XP level 2. HP: 16/16 MP: 3/5
   256 | D:1      | Reached skill level 1 in Fighting
   435 | D:1      | Reached skill level 4 in Earth Magic
   759 | D:1      | Reached XP level 3. HP: 20/20 MP: 3/6
   763 | D:1      | Learned a level 3 spell: Stone Arrow
  1396 | D:2      | Reached XP level 4. HP: 26/26 MP: 4/7
  1604 | D:2      | Reached skill level 1 in Conjurations
  1970 | D:3      | Found a faded altar of an unknown god.
  2064 | D:3      | Got the Directory of Helpful Topography
  2700 | D:4      | Noticed Robin
  3095 | D:3      | Reached XP level 5. HP: 29/31 MP: 6/9
  3433 | D:4      | Reached skill level 5 in Earth Magic
  3495 | D:4      | Reached XP level 6. HP: 36/37 MP: 6/10
  3606 | D:4      | Found a staircase to the Ecumenical Temple.
  3615 | Temple   | Entered the Ecumenical Temple
  3793 | Temple   | Became a worshipper of the Shining One
  3867 | D:4      | Found Qefruche's Distillery.
  3868 | D:4      | Found Seleahi's Antique Weapon Emporium.
  3879 | D:4      | Bought 2 potions of curing for 60 gold pieces
  3911 | D:4      | Bought a steaming broad axe for 216 gold pieces
  3911 | D:4      | Identified the +1 broad axe "Yfyblup" {holy, Str+2 Int+3}
                  | (You bought it in a shop on level 4 of the Dungeon)
  3922 | D:4      | Found a hazy altar of Hepliaklqana.
  3931 | D:4      | Killed Robin
  4472 | D:4      | Reached skill level 1 in Maces & Flails
  4472 | D:4      | Reached skill level 1 in Invocations
  4582 | D:4      | Reached XP level 7. HP: 32/41 MP: 8/12
  4662 | D:5      | Entered Level 5 of the Dungeon
  5083 | D:5      | Reached skill level 6 in Earth Magic
  5229 | D:5      | Noticed Edmund
  5241 | D:5      | Killed Edmund
  5242 | D:5      | Reached XP level 8. HP: 46/46 MP: 0/14
  5648 | D:5      | Reached skill level 1 in Armour
  5796 | D:5      | Noticed Prince Ribbit
  5817 | D:5      | Killed Prince Ribbit
  6392 | D:6      | Reached skill level 7 in Earth Magic
  6553 | D:6      | Reached skill level 5 in Spellcasting
  6553 | D:6      | Reached skill level 5 in Conjurations
  6741 | D:6      | Reached XP level 9. HP: 50/50 MP: 16/16
  7340 | D:7      | Identified the +1 whip of Ewamitor {freeze, *Noise rPois
                  | rCorr Dex+4}
  7461 | D:7      | Reached * piety under the Shining One
  7938 | D:7      | Reached skill level 5 in Invocations
  8247 | D:7      | Found a sparkling altar of Nemelex Xobeh.
  8247 | D:7      | Found a sacrificial altar of Ru.
  8707 | D:8      | Reached skill level 8 in Earth Magic
  9261 | D:8      | Reached skill level 1 in Transmutations
  9341 | D:8      | Reached XP level 10. HP: 21/56 MP: 1/19
 10113 | D:9      | Found a staircase to the Lair.
 10688 | D:9      | Noticed a skeletal warrior
 10715 | D:9      | Killed a skeletal warrior
 10836 | D:9      | Noticed a centaur warrior
 10852 | D:9      | Killed a centaur warrior
 10853 | D:9      | Reached skill level 9 in Earth Magic
 11107 | D:9      | Learned a level 2 spell: Passwall
 11124 | D:9      | Identified the +3 triple sword of Tenacity {speed, rN+
                  | Str+3 Int+4 Dex+2}
 11397 | D:9      | Reached skill level 5 in Fighting
 11409 | D:9      | Reached XP level 11. HP: 51/63 MP: 19/21
 11413 | D:9      | Reached ** piety under the Shining One
 11637 | D:9      | Found a staircase to the Orcish Mines.
 11909 | D:9      | Noticed a two-headed ogre
 11914 | D:9      | Killed a two-headed ogre
 11915 | D:9      | Reached skill level 5 in Maces & Flails
 12373 | D:10     | Entered Level 10 of the Dungeon
 12454 | D:10     | Reached skill level 1 in Shields
 12475 | D:10     | Noticed a two-headed ogre
 12480 | D:10     | Killed a two-headed ogre
 13066 | D:10     | Reached skill level 10 in Earth Magic
 13073 | D:10     | Noticed a two-headed ogre
 13079 | D:10     | Killed a two-headed ogre
 13173 | D:10     | Reached *** piety under the Shining One
 13850 | D:11     | Noticed a cyclops
 13857 | D:11     | Killed a cyclops
 13956 | D:11     | Reached XP level 12. HP: 68/68 MP: 13/23
 14045 | D:11     | HP: 3/68 [skeletal warrior/+1 scimitar of flaming (19)]
 14045 | D:11     | Slain by a skeletal warrior

Illustrated notes

Levels and vault maps discovered:
D:1:      elethiomel_arrival_maze, layout_rooms, serial_corexii_hall,
          chequers_hall_statues_wall_a, chequers_hall_statues_y,
          chequers_hall_statues_wall_a, corexii_hall_statues_u,
          corexii_hall_statues_deadend, chequers_hall_statues_corner_a,
          amcnicky_mini_pool_small, chequers_serial_rivers_small_3
D:2:      minmay_evil_eye, layout_rooms, kennysheep_generic_room_9
D:3:      layout_basic, ebering_ecumenical_altar_mist, minivault_23,
          minmay_misc_feat_x
D:4:      layout_basic, mainiacjoe_overflow_alcove_4,
          minmay_temple_entry_sparse_star, nicolae_wooded_promenade,
          minivault_24, uniq_robin
D:5:      layout_rooms, glass_columns_a, uniq_edmund, uniq_prince_ribbit1
D:6:      layout_gridville, serial_co_window_serial, co_window_of_opportunity_a,
          co_window_paths_a, co_window_corner_a, co_window_of_opportunity_a,
          co_window_paths_a, co_window_unsneaky_path_e, co_window_2corner,
          co_window_cross_4, co_window_of_opportunity_c, co_window_broadway_c,
          co_window_broadway_a, co_window_paths_e, co_window_4corner_b,
          glass_columns_b, glass_columns_a, glass_columns_a, minmay_crystal_room
D:7:      layout_loops_corners, gammafunk_temple_overflow_pools,
          minmay_joined_circles
D:8:      layout_basic
D:9:      layout_rooms, erik_lair_orcish_takeover, david_orc_5, wad_mini_maze
D:10:     layout_basic
D:11:     layout_roguey, gauntlet_entry_generic
Temple:   nicolae_temple_bog_church

Skill      XL: |  1  2  3  4  5  6  7  8  9 10 11 |
---------------+----------------------------------+-----
Fighting       | 1 2 3 5 |  5.6
Earth Magic    | 4 5 6 7 8 9 10 | 10.6
Conjurations   | 1 2 3 4 5 6 7 8 |  8.9
Spellcasting   | 3 4 5 6 7 |  7.9
Maces & Flails | 1 2 3 4 5 |  5.0
Invocations    | 1 2 4 5 7 8 |  8.5
Armour         | 3 4 |  4.4
Transmutations | 1 2 |  2.7
Shields        | 3 |  3.8
Dodging        | |  1.5
Stealth        | |  2.1

Action                     |  1- 3 |  4- 6 |  7- 9 | 10-12 || total
---------------------------+-------+-------+-------+-------++-------
  Melee: Mace              |    32 |       |       |       ||    32
         Punch             |     1 |       |       |       ||     1
         Flail             |       |     8 |     3 |   179 ||   190
         Dire flail        |       |       |   169 |   187 ||   356
   Cast: Sandblast         |    48 |    68 |    16 |       ||   132
         Stone Arrow       |       |     7 |    65 |    76 ||   148
 Invoke: Divine Shield     |       |       |       |     2 ||     2
  Evoke: Wand              |       |       |     3 |     3 ||     6
    Use: Scroll            |       |     4 |    10 |    10 ||    24
         Potion            |       |       |     1 |     4 ||     5
 Armour: Robe              |    52 |    22 |     2 |       ||    76
         Leather armour    |       |       |    97 |   166 ||   263
  Dodge: Dodged            |    49 |    30 |   155 |   242 ||   476
  Block: Other             |       |       |    35 |    47 ||    82
         Reflection        |       |       |     2 |    12 ||    14
         Kite shield       |       |       |       |   157 ||   157
